 Dungeon Crawl Stone Soup version 0.30-a0-870-gc5d4c5acee (webtiles) character file.

Game seed: 4626965066071903922

322 cforsyth the Covered (level 6, -11/51 HPs)
             Began as a Barachi Fighter on Mar 12, 2023.
             Blown up by Ijyb (17 damage)
             ... with a mindburst bolt
             ... on level 4 of the Dungeon.
             The game lasted 00:03:42 (2939 turns).

cforsyth the Covered (Barachi Fighter)              Turns: 2939, Time: 00:03:43

Health: -11/51     AC: 11    Str: 18    XL:     6   Next: 47%
Magic:  6/6        EV:  9    Int:  8    God:
Gold:   161        SH:  5    Dex: 13    Spells: 5/5 levels left

rFire   . . .      SeeInvis .    a - +0 long sword
rCold   . . .      Faith    .    c - +0 buckler
rNeg    . . .      Spirit   .    b - +0 scale mail
rPois   .          Reflect  .    w - +2 helmet
rElec   .          Rampage  .    (no cloak)
rCorr   .                        q - +0 pair of gloves
Will    .....                    (no boots) Stlth
                                 g - amulet of the acrobat
HPRegen 0.28/turn                (no ring)
MPRegen 0.10/turn                (no ring)

@: mighty, slow
A: amphibious, slowness 1, strong legs 1, +LOS
a: Hop


You were on level 4 of the Dungeon.
You visited 1 branch of the dungeon, and saw 4 of its levels.

You collected 161 gold pieces.

Inventory:

Hand Weapons
 a - a +0 long sword (weapon)
Armour
 b - a +0 scale mail (worn)
 c - a +0 buckler (worn)
 q - a +0 pair of gloves (worn)
 w - a +2 helmet (worn)
Jewellery
 g - an amulet of the acrobat (around neck)
 u - a ring of flight
Wands
 t - a wand of iceblast (9)
Scrolls
 f - a scroll of teleportation {unknown}
 h - a scroll of magic mapping {unknown}
 i - a scroll of fog {unknown}
 j - 3 scrolls of identify {unknown}
 l - a scroll of vulnerability {unknown}
 m - a scroll of butterflies {unknown}
 s - a scroll of silence {unknown}
Potions
 d - a potion of might
 k - a potion of curing {unknown}
 n - a potion of mutation {unknown}
 o - a potion of brilliance {unknown}
 p - a potion of haste {unknown}
 r - a potion of lignification {unknown}


   Skills:
 + Level 5.2 Fighting
 + Level 4.5 Long Blades
 + Level 5.2 Armour
 + Level 4.7 Shields


You had 5 spell levels left.
You didn't know any spells.
Your spell library contained the following spells:

 Spells                   Type           Power      Damage    Failure   Level
 Beastly Appendage        Tmut           0%         N/A       86%         1
 Magic Dart               Conj           0%         1d3       86%         1
 Call Imp                 Summ           0%         N/A       94%         2
 Searing Ray              Conj           0%         2d4       94%         2
 Wereblood                Tmut           0%         N/A       94%         2
 Mephitic Cloud           Conj/Pois/Air  0%         N/A       99%         3
 Spider Form              Tmut/Pois      0%         N/A       99%         3
 Fulminant Prism          Conj/Hex       0%         3d5       100%        4


Dungeon Overview and Level Annotations

Branches:
Dungeon (4/15)
 Temple: D:4-7

Altars:

Shops:
D:3 [

Annotations:
D:4 Ijyb


Innate Abilities, Weirdness & Mutations

You are amphibious.
You cover ground slowly.
You can hop short distances.
You have an extended range of vision and can be seen from far away.


Message History

You barely miss Ijyb.
Ijyb is lightly wounded.
Ijyb barely misses you.
You miss Ijyb.
Ijyb is lightly wounded.
Ijyb hits you but does no damage.
You hit Ijyb but do no damage.
Ijyb is lightly wounded.
Ijyb hits you with a +0 club.
You barely miss Ijyb.
Ijyb is lightly wounded.
Ijyb zaps a wand.
Your mind is blasted!
You miss Ijyb.
Ijyb is lightly wounded.
Ijyb misses you. You block Ijyb's attack.
You miss Ijyb.
Ijyb is lightly wounded.
Ijyb zaps a wand.
Your mind is blasted!
You barely miss Ijyb.
Ijyb is lightly wounded.
Ijyb zaps a wand.
Your mind is blasted!
* * * LOW HITPOINT WARNING * * *
You feel very mighty all of a sudden.
Ijyb zaps a wand.
Your mind is blasted!
* * * LOW HITPOINT WARNING * * *
You completely miss Ijyb.
Ijyb is lightly wounded.
Ijyb barely misses you.
You barely miss Ijyb.
Ijyb is lightly wounded.
You block Ijyb's attack. Ijyb hits you with a +0 club.
* * * LOW HITPOINT WARNING * * *
You slash Ijyb!
Ijyb is heavily wounded.
Ijyb hits you but does no damage.
You barely miss Ijyb.
Ijyb is heavily wounded.
Ijyb grins evilly.
Ijyb zaps a wand.
Your mind is blasted!
You die...

## #.##..............
..# #.................
.#. #..#..............
.. #..#.###.#...#.##.
...... #.#...#....
.#..# #.#...#.### ... #
#...#.... #g#
#.#...#.### .##### #@#
#.......#
..$....#.#########.####
...(........<...##.##
#########..####.#.§.#
#..####.........S
#..#.......S....#
#..#.##..#####.##
#..#[##....# ##
##....†..#


You could see Ijyb.

Vanquished Creatures
  Grinder (D:4)
  A sleepcap (D:4)
  4 adders
  An orc (D:4)
  4 ball pythons
  6 endoplasms
  4 giant cockroaches
  2 goblins
  3 hobgoblins
  5 jackals (D:2)
  8 kobolds
  6 quokkas
  8 bats
  5 frilled lizards
  8 rats
66 creatures vanquished.

Notes
Turn   | Place    | Note
-------+----------+-------------------------------------------
     0 | D:1      | cforsyth the Barachi Fighter began the quest for the Orb.
     0 | D:1      | Reached XP level 1. HP: 18/18 MP: 1/1
   152 | D:1      | Reached XP level 2. HP: 23/25 MP: 2/2
   519 | D:1      | Reached XP level 3. HP: 30/30 MP: 3/3
  1339 | D:3      | Reached XP level 4. HP: 36/37 MP: 4/4
  2002 | D:3      | Found Kaka Louwat's Armour Shop.
  2193 | D:4      | HP: 1/38 [sleepcap (1)]
  2199 | D:4      | Reached XP level 5. HP: 2/43 MP: 5/5
  2664 | D:4      | Noticed Grinder
  2695 | D:4      | Paralysed by Grinder for 3 turns
  2698 | D:4      | Killed Grinder
  2699 | D:4      | Reached skill level 5 in Fighting
  2699 | D:4      | Reached skill level 5 in Armour
  2699 | D:4      | Reached XP level 6. HP: 17/51 MP: 6/6
  2923 | D:4      | Noticed Ijyb
  2939 | D:4      | Blown up by Ijyb

Illustrated notes

Levels and vault maps discovered:
D:1:      amcnicky_arrival_wind_blow, layout_basic
D:2:      layout_loops_cross, minmay_liquid_box
D:3:      layout_basic, serial_shops, shop
D:4:      layout_loops_cross, minmay_misc_feat_hallway, uniq_grinder, uniq_ijyb

Skill      XL: |  1  2  3  4  5 |
---------------+----------------+-----
Armour         | 4 5 |  5.2
Long Blades    | 3 4 |  4.5
Fighting       | 4 5 |  5.2
Shields        | 4 |  4.7

Action                     |  1- 3 |  4- 6 || total
---------------------------+-------+-------++-------
  Melee: Long sword        |   138 |   110 ||   248
    Use: Potion            |       |     3 ||     3
 Armour: Scale mail        |    96 |    50 ||   146
  Dodge: Dodged            |    99 |    57 ||   156
  Block: Buckler           |    39 |    28 ||    67

Table legend: (Time is in decaauts)
 A = Elapsed time spent in this place.
 B = Non-inter-level travel time spent in this place.
 C = Inter-level travel time spent in this place.
 D = Time resting spent in this place.
 E = Time spent auto-exploring this place.
 F = Levels seen in this place.
 G = Mean time per level.
                   A        B        C        D        E       F      G
               +--------+--------+--------+--------+--------+-----+--------+
         Total |   3387 |   3286 |    101 |    470 |   2222 |   4 |  846.8 |
       Dungeon |   3387 |   3286 |    101 |    470 |   2222 |   4 |  846.8 |
               +--------+--------+--------+--------+--------+-----+--------+

Top non-repeatable levels by time:
     D:3: 1111 daAuts
     D:4: 812 daAuts
     D:2: 810 daAuts
     D:1: 652 daAuts
